AoeStats
← Tom Bombadil's Chode

Arabian Desert

510144241Analyzed
1v1 RM · 3d ago on Sep 29, 2026· 25m 36s· 2 players
Game mode
Random Map
Map size
Tiny (2 player)
Population
200
Speed
Normal
Resources
Standard
Victory
Conquest
Starting age
Dark Age
Ending age
Imperial Age
RankedLock teamsTeams togetherTeam positionsShared explorationLock speedFull tech treeHidden civsTurbo modeCheats
Victory
Defeat
🇦🇷 Varangians · Argentina
1439
+17
🇬🇧 Berbers · United Kingdom
1457
-17
mateconpan
6:58 Loom
9:43 Feudal Age
10:10 Double-Bit Axe
10:06 Horse Collar
9:54 Man-at-Arms
10:44 Horse Collar
14:22 Bloodlines
16:50 Scale Barding Armor
17:11 Forging
22:28 Castle Age
21:32 Scale Mail Armor
23:39 Chain Barding Armor
23:32 Bow Saw
Tom Bombadil's Chode
6:05 Loom
9:18 Feudal Age
10:28 Double-Bit Axe
15:34 Fletching
23:49 Castle Age
22:58 Padded Archer Armor
23:11 Bloodlines
22:55 Gold Mining
24:28 Bodkin Arrow
25:26 Husbandry
Connection lost

Rejoining the realm…

Still unreachable

The connection could not be restored.

Session expired

The server has moved on; the page needs a fresh start.